Map: Lightshade LE

Players

Valkyrie

  • Race: Zerg Zerg
  • League: Platinum
  • Spawn Location: 5:00

Rescue - Winner!

  • Race: Zerg Zerg
  • League: Grandmaster
  • Spawn Location: 11:00

VOD

Have the link to the VOD?

Description

Time

  • Played on: Dec. 22, 2020, 10:15 p.m.
  • Length: 9:10
Show
View Real Time Build Order
Export as new Build Order

Valkyrie Zerg 

Build Orders: Hatch First 

Get SALT Encoding   

  12  0:00  Drone  
  13  0:12  Overlord  
  13  0:17  Drone  
  14  0:31  Drone x2  
  16  0:49  Hatchery  
  15  0:52  Drone  
  16  0:57  Drone  
  16  1:02  Drone  
  18  1:11  Extractor  
  17  1:13  Drone  
  17  1:18  Spawning Pool  
  17  1:20  Drone  
  18  1:29  Drone  
  19  1:41  Drone  
  20  1:50  Drone  
  21  2:01  Overlord  
  21  2:05  Queen x2  
  21  2:07  Zergling x2  
  26  2:12  Zergling x2  
  26  2:14  Metabolic Boost  
  27  2:16  Drone  
  28  2:23  Drone x2  
  30  2:34  Drone x2  
  32  2:45  Overlord  
  32  2:49  Drone  
  33  2:59  Drone x2  
  33  3:05  Drone  
  36  3:06  Baneling Nest  
  36  3:08  Drone  
  36  3:27  Drone x4  
  40  3:46  Overlord x2  
  40  3:47  Evolution Chamber  
  37  3:58  Evolution Chamber  
  37  4:00  Evolution Chamber, Drone  
  36  4:06  Drone  
  36  4:07  Drone x8  
  45  4:11  Extractor  
  44  4:23  Drone  
  44  4:24  Drone x2  
  47  4:26  Lair  
  47  4:33  Queen  
  49  4:40  Extractor  
  49  4:43  Zergling x8  
  52  5:04  Evolution Chamber  
  51  5:24  Baneling x3  
  51  5:33  Zerg Melee Weapons Level 1  
  51  5:34  Zerg Ground Armor Level 1  
  51  5:40  Spire  
  51  5:42  Extractor, Drone x2  
  51  5:43  Drone  
  51  5:46  Overlord x3  
  52  6:09  Drone x2  
  54  6:17  Drone x3  
  52  6:43  Overlord  
  52  6:44  Overlord x3  
  52  7:00  Hatchery  
  52  7:01  Mutalisk x6  
  63  7:22  Mutalisk  
  63  7:23  Mutalisk x4  
  63  7:25  Hatchery  
  72  7:48  Mutalisk x2  
  74  7:59  Zergling x20  
  42  8:23  Drone x6  
  42  8:24  Drone x2  
  46  8:28  Hatchery  
  46  8:32  Drone  
  47  8:41  Drone x3  
Show
View Real Time Build Order
Export as new Build Order

Rescue Zerg - Winner!

Build Orders: Hatch First 

Get SALT Encoding   

  12  0:00  Drone  
  13  0:12  Overlord  
  13  0:16  Drone  
  14  0:33  Drone x2  
  16  0:47  Hatchery  
  15  0:51  Drone  
  15  0:56  Drone  
  17  0:59  Drone  
  18  1:10  Extractor  
  17  1:17  Spawning Pool  
  17  1:18  Drone  
  17  1:21  Drone  
  18  1:27  Drone  
  20  1:40  Drone  
  20  1:52  Overlord  
  20  2:06  Queen x2  
  20  2:07  Zergling x2  
  25  2:09  Drone  
  25  2:10  Drone  
  25  2:13  Drone  
  28  2:18  Metabolic Boost  
  28  2:21  Drone  
  28  2:22  Drone  
  30  2:37  Hatchery  
  29  2:45  Queen  
  29  2:47  Overlord  
  29  2:50  Drone  
  32  2:53  Drone  
  32  2:54  Drone  
  32  2:58  Drone  
  34  3:03  Drone  
  34  3:05  Drone x2  
  37  3:14  Overlord, Drone x3  
  37  3:16  Drone  
  37  3:18  Drone  
  42  3:23  Zergling x4  
  44  3:35  Zergling x4  
  46  3:42  Overlord, Baneling Nest  
  46  3:44  Zergling x2  
  46  3:49  Drone x2  
  46  3:51  Drone x3  
  50  4:00  Zergling x10  
  55  4:05  Drone x2  
  57  4:10  Drone  
  57  4:15  Overlord, Evolution Chamber  
  57  4:18  Overlord  
  57  4:24  Drone x2  
  59  4:26  Overlord  
  58  4:31  Overlord x2  
  58  4:34  Lair  
  58  4:35  Extractor, Drone x5  
  58  4:36  Extractor  
  61  4:41  Zerg Missile Weapons Level 1  
  61  4:42  Drone  
  61  4:43  Drone  
  61  4:44  Drone  
  64  4:51  Drone  
  64  4:54  Drone x5  
  64  4:56  Overlord  
  64  4:58  Overlord x2  
  67  5:08  Drone  
  67  5:09  Roach Warren  
  67  5:10  Drone  
  68  5:16  Drone x4  
  68  5:17  Drone  
  68  5:19  Drone  
  73  5:23  Overlord x2  
  73  5:34  Extractor, Drone x2  
  73  5:35  Extractor, Drone x5  
  75  5:37  Extractor  
  75  5:38  Overseer  
  75  5:39  Pneumatized Carapace  
  74  5:49  Glial Reconstitution  
  74  5:50  Roach x3  
  74  5:51  Roach x3  
  74  5:53  Roach  
  88  5:59  Roach  
  88  6:00  Roach  
  92  6:05  Roach x6  
  92  6:07  Roach  
  92  6:08  Overlord x3  
  106  6:13  Roach  
  108  6:20  Roach x3  
  114  6:26  Roach x2  
  118  6:33  Queen  
  118  6:34  Queen x2  
  118  6:35  Overlord  
  118  6:38  Drone x3  
  118  6:45  Zerg Missile Weapons Level 2, Hatchery  
  117  6:48  Drone x2  
  117  6:49  Drone  
  117  6:50  Evolution Chamber, Drone  
  117  6:52  Drone  
  117  6:53  Drone  
  121  6:55  Drone  
  121  7:01  Infestation Pit  
  121  7:04  Spore Crawler  
  121  7:05  Spore Crawler  
  121  7:06  Spore Crawler  
  118  7:09  Spore Crawler  
  118  7:12  Spore Crawler  
  118  7:13  Spore Crawler, Drone  
  118  7:14  Drone x2  
  118  7:15  Drone  
  119  7:17  Drone  
  119  7:21  Drone  
  119  7:22  Drone x2  
  123  7:37  Infestor x5  
  123  7:40  Infestor  
  135  7:50  Queen x2  
  139  7:51  Queen  
  141  8:12  Hydralisk Den  
  122  8:15  Roach  
  122  8:16  Roach x11  
  140  8:20  Roach x3  
  126  8:35  Roach x9  
  144  8:45  Roach x4  
Tags
 
Add a new tag
Caveats
  • Supply blocks, unpowered buildings, or Contaminate may cause inaccurate times.
  • Supply counts are checked every 10 seconds.